 Dungeon Crawl Stone Soup version 0.26-b1-59-ge38874ec40 (webtiles) character file.

Game seed: 481244282841523031

42517 XxsatanxX the Brawler (level 13, -4/133 HPs)
             Began as a Troll Fighter on Jan 8, 2021.
             Was a High Priest of Qazlal.
             Slain by an orc knight
             ... wielding a +0 glaive
              (43 damage)
             ... in a bailey.
             The game lasted 00:47:07 (17070 turns).

XxsatanxX the Brawler (Troll Fighter)              Turns: 17070, Time: 00:47:08

Health: -4/133     AC: 15    Str: 27    XL:     13   Next: 85%
Magic:  0/16       EV: 10    Int:  4    God:    Qazlal [*****.]
Gold:   1317       SH: 19    Dex: 13    Spells: 12/12 levels left

rFire    . . .     SeeInvis .     - Unarmed
rCold    . . .     Faith    .   b - +0 kite shield
rNeg     . . .     Spirit   +   M - +0 steam dragon scales
rPois    .         Reflect  .   (helmet restricted)
rElec    .         Harm     .   K - +2 cloak
rCorr    +         Rampage  .   (gloves unavailable)
Will     +....                  (boots unavailable)
Stlth    +.........             o - amulet of guardian spirit
HPRegen  0.72/turn              k - ring of resist corrosion
MPRegen  0.15/turn              T - ring of willpower

@: protected from physical damage, repel missiles
A: large, unfitting armour, claws 3, regeneration 1, shaggy fur 1, tough skin 3
a: Renounce Religion, Upheaval, Elemental Force, Disaster Area


You were in a bailey.
You worshipped Qazlal.
Qazlal was extremely pleased with you.
You visited 3 branches of the dungeon, and saw 18 of its levels.
You also visited: Ossuary and Bailey.

You collected 1435 gold pieces.
You spent 118 gold pieces at shops.

Inventory:

Hand Weapons
 F - a +4 spear of freezing
 Q - the +8 flail of the Saving Lamprey {vamp, rF+ rN+ Will- Stlth+}
   (You found it on level 2 of the Lair of Beasts)

   It inflicts no extra harm, but heals its wielder when it wounds a living foe.
   It protects you from fire.
   It protects you from negative energy.
   It affects your willpower, your defense against some magical effects.
   It makes you more stealthy.
 U - a +6 demon trident
Missiles
 u - 5 boomerangs
 x - 35 poisoned darts
 V - 4 javelins (quivered)
Armour
 b - a +0 kite shield (worn)
 G - a +0 robe of positive energy
 K - a +2 cloak (worn)
 M - +0 steam dragon scales (worn)
Jewellery
 a - an uncursed ring of see invisible
 k - a ring of resist corrosion (left claw)
 o - an amulet of guardian spirit (around neck)
 q - an uncursed amulet of magic regeneration
 E - an uncursed ring of positive energy {unknown}
 J - an uncursed ring of protection from fire
 L - an uncursed ring of stealth
 N - an uncursed ring of stealth
 T - a ring of willpower (right claw)
 Y - an uncursed ring of fire
Wands
 n - a wand of iceblast (4)
 r - a wand of flame (5)
 S - a wand of paralysis (4)
 Z - a wand of random effects (8)
Scrolls
 f - 2 scrolls of fear
 h - 3 scrolls of enchant weapon
 j - 5 scrolls of teleportation
 m - 3 scrolls of vulnerability
 p - 2 scrolls of magic mapping
 s - 3 scrolls of immolation
 B - a scroll of torment
 D - 4 scrolls of fog
 H - 10 scrolls of remove curse
 I - a scroll of brand weapon
 O - 3 scrolls of amnesia
 P - a scroll of silence
 R - a scroll of enchant armour
 W - a scroll of summoning
Potions
 c - 4 potions of might
 d - 6 potions of curing
 e - 8 potions of haste
 g - 6 potions of flight
 l - 5 potions of attraction
 t - 2 potions of ambrosia
 v - 2 potions of mutation
 w - a potion of brilliance
 z - a potion of invisibility
 A - 3 potions of cancellation
 C - a potion of resistance
 X - a potion of lignification {unknown}
Miscellaneous
 y - a lightning rod (3/4)


   Skills:
 * Level 9.9 Fighting
 - Level 2.4 Dodging
 - Level 1.1 Stealth
 * Level 9.9 Shields
 + Level 16.3 Unarmed Combat
 + Level 6.0 Invocations


You had 12 spell levels left.
You didn't know any spells.
Your spell library contained the following spells:

 Spells                   Type           Power        Failure   Level
 Beastly Appendage        Tmut           0%           50%         1
 Sandblast                Erth           0%           50%         1
 Shock                    Conj/Air       0%           50%         1
 Summon Small Mammal      Summ           0%           50%         1
 Call Imp                 Summ           0%           65%         2
 Passwall                 Tmut/Erth      0%           65%         2
 Poisonous Vapours        Pois/Air       0%           65%         2
 Swiftness                Air            0%           65%         2
 Wereblood                Tmut           0%           65%         2
 Call Canine Familiar     Summ           0%           86%         3
 Conjure Flame            Conj/Fire      0%           86%         3
 Mephitic Cloud           Conj/Pois/Air  0%           86%         3
 Spider Form              Tmut/Pois      0%           86%         3
 Static Discharge         Conj/Air       0%           86%         3
 Stone Arrow              Conj/Erth      0%           86%         3
 Summon Guardian Golem    Hex/Summ       0%           86%         3
 Airstrike                Air            0%           99%         4
 Ice Form                 Ice/Tmut       0%           99%         4
 Petrify                  Tmut/Erth      0%           99%         4
 Summon Ice Beast         Ice/Summ       0%           99%         4
 Summon Lightning Spire   Summ/Air       0%           99%         4
 Blade Hands              Tmut           0%           100%        5
 Lee's Rapid Deconstruct  Erth           0%           100%        5
 Lightning Bolt           Conj/Air       0%           100%        5
 Freezing Cloud           Conj/Ice/Air   0%           100%        6


Dungeon Overview and Level Annotations

Branches:
Dungeon (12/15)            Temple (0/1) D:7            Lair (5/6) D:8
 Shoals (0/4) Lair:2       Spider (0/4) Lair:3          Orc (1/2) D:9
Ossuary (visited)          Bailey (1/1)
  Slime: Lair:5-6

Altars:
Ashenzari
Hepliaklqana
Nemelex Xobeh
Qazlal
Trog
Yredelemnul
Zin
The Shining One

Shops:
D:4 *   D:9 ?

Annotations:
D:12 3 runed translucent doors, Bananafolds's ghost, journeyman DrAE
Lair:2 exclusion: 3 oklob plants


Innate Abilities, Weirdness & Mutations

You are too large for most types of armour.
You have claws for hands.
Your natural rate of healing is unusually fast.
You are covered in fur. (AC +1)
You have extremely tough skin. (AC +3)


Message History

Throw: 6 javelins
Press: ? - help, Q - select action, (/) - cycle Shift-Dir - straight line, f/p - orc knight
Aim: an orc knight, wielding a +0 glaive and wearing a +0 chain mail (lightly wounded, strong)
You throw a javelin.
The javelin pierces through the orc knight!
The orc knight is moderately wounded.
Aiming: Upheaval
Press: ? - help, Dir - move target, f/p - orc knight
Aim: an orc knight, wielding a +0 glaive and wearing a +0 chain mail (moderately wounded, strong) Magma suddenly erupts from the ground!
The blast of magma engulfs the orc knight but does no damage.
The orc knight is moderately wounded.
You don't have enough magic at the moment.
Throw: 5 javelins
Press: ? - help, Q - select action, (/) - cycle Shift-Dir - straight line, f/p - orc knight
Aim: an orc knight, wielding a +0 glaive and wearing a +0 chain mail (sparse dust, moderately wounded, strong)
You throw a javelin.
The javelin closely misses the orc knight.
The orc knight hits you from afar with a +0 glaive!!!
You die...

#######
##..∩°.##
#....○..#
#∩..)..@#
#....○)°#
#..).☼.o#
#.))))).#
#....)..#
#....)..#
#.......#
#......(#
#.......#


You could see an orc knight (strong).

Vanquished Creatures
  3 hydras
  A tengu warrior (D:12)
  2 two-headed ogres
  An orc high priest (Orc:1)
  Urug (Lair:2)
  2 unseen horrors
  A lindwurm (Lair:5)
  2 orc knights (Bailey)
  3 ugly things
  A cyclops (D:11)
  An orc sorcerer (D:9)
  2 manticores (D:11)
  9 elephants
  A merfolk siren (Lair:2)
  4 black mambas
  A centaur zombie (D:12)
  8 cane toads
  A gargoyle (D:9)
  4 rime drakes
  4 komodo dragons
  A troll (Orc:1)
  A queen bee (Lair:3)
  A jumping spider (Lair:3)
  A polar bear (Lair:3)
  A hornet (D:9)
  6 blink frogs (Lair:2)
  Sigmund (D:2)
  A wraith (D:11)
  5 wyverns
  2 redbacks (Lair:3)
  Eustachio (D:6)
  37 yaks
  5 basilisks
  A steam dragon (D:10)
  A warg (Orc:1)
  4 ice beasts
  18 water moccasins
  A sky beast (D:8)
  16 orc warriors
  3 black bears
  A necrophage (D:7)
  27 wolves
  6 ogres
  3 centaurs
  A big kobold (D:12)
  11 bullfrogs
  2 gnoll sergeants
  3 water moccasin zombies (Ossuary)
  4 scorpions
  35 killer bees
  8 wights (D:7)
  6 howler monkeys
  A quasit (D:12)
  2 bullfrog skeletons
  A bullfrog zombie (D:8)
  A jelly (D:8)
  4 hounds
  6 orc wizards
  7 orc priests
  Crazy Yiuf (D:6)
  Jessica (D:3)
  4 centaur skeletons
  Ijyb (D:3)
  2 iguanas
  Natasha (twice) (D:4)
  7 worker ants
  A killer bee zombie (D:7)
  2 big kobold zombies (Ossuary)
  A hound skeleton (D:8)
  2 mummies (Ossuary)
  A worker ant zombie (D:9)
  2 howler monkey zombies
  21 gnolls
  16 adders
  5 shadow imps
  6 white imps
  6 ufetubi
  An ooze (D:3)
  An adder skeleton (D:9)
  3 adder zombies
  3 dart slugs (D:1)
  6 leopard geckos
  63 orcs
  10 bats
  4 giant cockroaches
  11 goblins
  9 hobgoblins
  7 jackals
  3 quokkas
  A ball python (D:4)
  5 frilled lizards
  A giant cockroach zombie (D:6)
  10 hobgoblin zombies (Ossuary)
  13 kobolds
  3 kobold zombies (Ossuary)
  2 leopard gecko skeletons
  2 orc zombies (Ossuary)
  A quokka zombie (D:6)
  11 rats
539 creatures vanquished.

Vanquished Creatures (collateral kills)
  An orc knight (Bailey)
  An elephant (Lair:4)
  An orc (Bailey)
3 creatures vanquished.

Vanquished Creatures (others)
  A killer bee (D:10)
  A hound (D:10)
  A jackal (D:10)
  27 fungi
  32 plants
62 creatures vanquished.

Grand Total: 604 creatures vanquished

Notes
Turn   | Place    | Note
-------+----------+-------------------------------------------
     0 | D:1      | XxsatanxX the Troll Fighter began the quest for the Orb.
     0 | D:1      | Reached XP level 1. HP: 22/22 MP: 0/0
    47 | D:1      | Reached XP level 2. HP: 29/29 MP: 1/1
    82 | D:1      | Reached skill level 3 in Unarmed Combat
   356 | D:1      | Reached XP level 3. HP: 33/36 MP: 2/2
   573 | D:2      | You fall into a shaft and drop 1 floor!
   583 | D:3      | Noticed Ijyb
   583 | D:3      | Noticed Jessica
   670 | D:2      | Reached skill level 4 in Unarmed Combat
   798 | D:2      | Noticed Sigmund
   807 | D:2      | Killed Sigmund
   808 | D:2      | Reached skill level 6 in Unarmed Combat
   808 | D:2      | Reached XP level 4. HP: 26/44 MP: 3/3
   808 | D:2      | Reached XP level 5. HP: 30/50 MP: 4/4
  1243 | D:3      | Reached XP level 6. HP: 48/59 MP: 5/5
  1400 | D:3      | Killed Jessica
  1401 | D:3      | Reached skill level 7 in Unarmed Combat
  1546 | D:3      | Killed Ijyb
  2035 | D:4      | Noticed Natasha
  2041 | D:4      | Killed Natasha
  2076 | D:4      | Found Imudaytzo's Assorted Antiques.
  2084 | D:4      | Bought a scroll of identify for 34 gold pieces
  2114 | D:4      | Reached XP level 7. HP: 66/66 MP: 6/6
  2269 | D:4      | Reached skill level 8 in Unarmed Combat
  2803 | D:4      | Noticed Natasha
  2811 | D:4      | Killed Natasha
  3114 | D:5      | Entered Level 5 of the Dungeon
  3143 | D:5      | Reached skill level 9 in Unarmed Combat
  3284 | D:5      | Found a stormy altar of Qazlal.
  3284 | D:5      | Found a hazy altar of Hepliaklqana.
  3653 | D:5      | Became a worshipper of Qazlal Stormbringer
  3860 | D:6      | Found a glowing silver altar of Zin.
  3860 | D:6      | Found a basalt altar of Yredelemnul.
  3860 | D:6      | Found a broken altar of Ashenzari.
  3905 | D:6      | Found a glowing golden altar of the Shining One.
  3919 | D:6      | Reached XP level 8. HP: 74/74 MP: 7/7
  4030 | D:6      | Found a runed translucent door.
  4031 | D:6      | Noticed Crazy Yiuf
  4035 | D:6      | Killed Crazy Yiuf
  4069 | D:6      | Noticed Eustachio
  4086 | D:6      | Killed Eustachio
  4137 | D:6      | Got an ebony trident
  4469 | D:7      | Reached skill level 10 in Unarmed Combat
  4916 | D:7      | Found a sand-covered staircase.
  4950 | Ossuary  | Entered an ossuary
  5202 | Ossuary  | Reached skill level 11 in Unarmed Combat
  5207 | Ossuary  | Reached * piety under Qazlal
  5428 | D:7      | Reached XP level 9. HP: 74/80 MP: 6/8
  5470 | D:7      | Found a bloodstained altar of Trog.
  5722 | D:7      | Reached skill level 12 in Unarmed Combat
  5943 | D:7      | Found a staircase to the Ecumenical Temple.
  6260 | D:8      | Reached ** piety under Qazlal
  6476 | D:8      | Reached skill level 13 in Unarmed Combat
  6649 | D:8      | Found a staircase to the Lair.
  6652 | D:8      | Noticed a komodo dragon
  6661 | D:8      | Killed a komodo dragon
  6836 | D:8      | Found a sparkling altar of Nemelex Xobeh.
  6864 | D:8      | Noticed a two-headed ogre
  6953 | D:8      | Killed a two-headed ogre
  6954 | D:8      | Reached skill level 14 in Unarmed Combat
  6954 | D:8      | Reached XP level 10. HP: 27/88 MP: 1/9
  7712 | D:9      | Found Wusmieg's Magic Scroll Shoppe.
  7716 | D:9      | Bought a scroll of identify for 28 gold pieces
  7716 | D:9      | Bought a scroll of identify for 28 gold pieces
  7716 | D:9      | Bought a scroll of identify for 28 gold pieces
  7906 | D:9      | Found a staircase to the Orcish Mines.
  8020 | D:9      | Noticed a two-headed ogre
  8029 | D:9      | Killed a two-headed ogre
  8029 | D:9      | Reached *** piety under Qazlal
  8101 | D:9      | Found a glowing golden altar of the Shining One.
  8173 | D:10     | Entered Level 10 of the Dungeon
  8259 | D:10     | Noticed a gargoyle
  8507 | D:9      | Killed a gargoyle
  8663 | D:10     | Reached XP level 11. HP: 53/101 MP: 6/10
  9151 | Lair:1   | Entered Level 1 of the Lair of Beasts
  9157 | Lair:1   | Reached skill level 5 in Fighting
  9157 | Lair:1   | Reached skill level 5 in Shields
  9214 | Lair:1   | Reached **** piety under Qazlal
  9255 | Lair:1   | Reached skill level 15 in Unarmed Combat
 10268 | Lair:2   | Got a warped flail
 10336 | Lair:2   | Noticed Urug
 10452 | Lair:2   | Found a staircase to the Shoals.
 10651 | Lair:2   | Reached skill level 1 in Invocations
 10683 | Lair:2   | Killed Urug
 10715 | Lair:2   | Reached skill level 1 in Stealth
 11177 | Lair:2   | Noticed an oklob plant
 11177 | Lair:2   | Noticed an oklob plant
 11208 | Lair:2   | Noticed an oklob plant
 11340 | Lair:2   | Identified the +10 trident of Toecaol {vorpal, rF+} (You
                  | found it on level 6 of the Dungeon)
 11341 | Lair:2   | Identified the +8 flail of the Saving Lamprey {vamp, rF+
                  | rN+ Will- Stlth+} (You found it on level 2 of the Lair of
                  | Beasts)
 11382 | Lair:3   | Noticed a four-headed hydra
 11390 | Lair:3   | Killed a four-headed hydra
 11481 | Lair:3   | Reached XP level 12. HP: 100/115 MP: 10/12
 11627 | Lair:3   | Reached ***** piety under Qazlal
 11915 | Lair:3   | Found a hole to the Spider Nest.
 13340 | Lair:4   | Reached XP level 13. HP: 120/128 MP: 13/15
 14029 | Lair:5   | Reached skill level 16 in Unarmed Combat
 14049 | Lair:4   | Reached skill level 5 in Invocations
 15937 | D:12     | Found a runed translucent gate.
 15938 | D:12     | Noticed Bananafolds's ghost (journeyman DrAE)
 15943 | D:12     | Found a runed translucent gate.
 15943 | D:12     | Noticed a minotaur
 15970 | D:12     | Found a runed translucent gate.
 16236 | D:12     | Found Yclullop's Antique Armour Emporium.
 16470 | Orc:1    | Entered Level 1 of the Orcish Mines
 16791 | Orc:1    | Found a flagged portal.
 16875 | Bailey   | Entered a bailey
 17035 | Bailey   | HP: 3/133 [orc knight/+0 halberd (24)]
 17070 | Bailey   | Slain by an orc knight

Illustrated notes

Levels and vault maps discovered:
D:1:      amcnicky_arrival_flooded_fountain, layout_rooms,
          chequers_serial_rivers_room_a
D:2:      layout_basic, uniq_sigmund
D:3:      minmay_chambers_of_threes, layout_rooms, serial_rivers,
          chequers_serial_rivers_small_b, chequers_serial_rivers_room_b,
          chequers_serial_rivers_room_b, chequers_serial_rivers_micro_d,
          chequers_serial_rivers_small_b, chequers_serial_rivers_large_a,
          uniq_jessica, uniq_ijyb
D:4:      layout_layer_cave, serial_shops, nicolae_shop_statue_plus,
          kennysheep_generic_room_16, uniq_natasha
D:5:      lemuel_upstairs_altar, layout_basic, amethyst_overflow_temple_binary,
          nrook_campfire
D:6:      layout_loops_ring, gammafunk_temple_overflow_claw,
          general_overflow_altar, uniq_crazy_yiuf_cottage, uniq_eustachio
D:7:      layout_basic, lemuel_doored_altar, minmay_temple_entry_poolview,
          enter_ossuary_5, serial_corexii_hall, corexii_hall_statues_l,
          corexii_hall_statues_x
D:8:      layout_loops_cross, nemelex_xobeh_ov_fountains_minmay,
          david_lair_shrubbed
D:9:      layout_gridville, serial_shops, shop, nicolae_tso_swordbearing_angel
D:10:     layout_cave_pools
D:11:     layout_cave_pools
D:12:     layout_rooms, serial_shops, kennysheep_mini,
          maelrawn_ghost_gauntlet_escape, serial_park_tiny_pond
Lair:1:   layout_cave_pods
Lair:2:   layout_cave_pods, minmay_shoals_entry_lonely_mermaid,
          grunt_forest_small_clearing_treed, lemuel_fruit_tree,
          minmay_lair_oklob_chamber, grunt_megastairs_2, uniq_urug
Lair:3:   regret_index_combs_of_tragedy, layout_chaotic_city,
          spider_nest_entry_a, serial_rivers, chequers_serial_rivers_micro_c,
          chequers_serial_rivers_micro_e, chequers_serial_rivers_small_a,
          chequers_serial_rivers_room_a, chequers_serial_rivers_marsh,
          serial_bayou_pond_d
Lair:4:   layout_layer_cave, minivault_19
Lair:5:   layout_regular_city, serial_bayou_lagoon_b, grunt_megastairs_4
Orc:1:    layout_caves, enter_bailey_8
Bailey:   bailey_polearm_5, bailey

Skill      XL: |  1  2  3  4  5  6  7  8  9 10 11 12 13 |
---------------+----------------------------------------+-----
Unarmed Combat | 3 6 7 9 11 14 15 16 | 16.3
Fighting       | 4 6 8 9 |  9.9
Shields        | 4 6 8 9 |  9.9
Invocations    | 2 4 6 |  6.0
Stealth        | 1 |  1.1
Dodging        | |  2.4

Action                   |  1- 3 |  4- 6 |  7- 9 | 10-12 | 13-15 || total
-------------------------+-------+-------+-------+-------+-------++-------
Melee: Unarmed           |    97 |   119 |   255 |   543 |   346 ||  1360
       Mace              |       |       |   221 |       |       ||   221
       Flail             |       |       |       |    21 |       ||    21
Throw: Boomerang         |       |       |       |     3 |     1 ||     4
       Javelin           |       |       |       |       |     3 ||     3
Invok: Upheaval          |       |       |     1 |     5 |     1 ||     7
       Elemental Force   |       |       |       |     2 |     3 ||     5
Evoke: Wand              |       |       |       |     1 |     8 ||     9
       Lightning rod     |       |       |       |       |     1 ||     1
  Use: Scroll            |       |     8 |     5 |    13 |    11 ||    37
       Potion            |       |       |     1 |       |     5 ||     6
 Stab: Sleeping          |       |       |     1 |       |       ||     1
       Distracted        |       |       |       |       |     1 ||     1
Armor: Robe              |    27 |    46 |   172 |    31 |       ||   276
       Steam dragon scal |       |       |       |   135 |   146 ||   281
Dodge: Dodged            |    35 |    34 |   160 |   176 |    88 ||   493
       Repelled          |       |       |       |     3 |     1 ||     4
Block: Kite shield       |    57 |    62 |   308 |   420 |   389 ||  1236
